[ AOE2 MATCH · #494356083 ]
UnrankedPersians vs Bulgarians
Player's team · WIN
Rival team · LOSS
[ REPLAY ANALYSIS · EXTRACTED FROM THE RECORDED GAME ]
Feudal
20:02
Castle
—
Imperial
—
| APM avg | 58.9 |
| APM peak | 119 |
| eAPM avg | 26.7 |
| Villagers / military | 49 / 6 |
Focus
⚔️ 20.1% · 🌾 79.9%
Scout Cavalry ×6
Feudal
10:17
Castle
—
Imperial
—
| APM avg | 47.2 |
| APM peak | 82 |
| eAPM avg | 17.3 |
| Villagers / military | 47 / 8 |
Focus
⚔️ 27.2% · 🌾 72.8%
Archer ×6 · Spearman ×1 · Skirmisher ×1
Match map
Initial resources + every placement click. Lines = walls · curves = elevation contours. ◆ gold · ⬟ stone · ● berries · ✦ relic · ◌ wall gap
Your base· Open — unwalled flank
cLERT's base· Open — 2t gap
Smoothed initial terrain · ◌ = detected wall gap · hover for details
Inputs per minute
— [GDL] Faraon - - cLERT
Build order — [GDL] Faraon
116 actions detected in the replay
| 0:01 | Create | Villager (Male) |
| 0:01 | Create | Villager (Male) |
| 0:02 | Create | Villager (Male) |
| 0:02 | Create | Villager (Male) |
| 0:02 | Create | Villager (Male) |
| 0:03 | Build | House |
| 0:04 | Build | House |
| 0:40 | Research | Loom |
| 1:25 | Create | Villager (Male) |
| 1:44 | Create | Villager (Male) |
| 1:44 | Create | Villager (Male) |
| 1:56 | Build | Lumber Camp |
| 2:01 | Build | House |
| 2:01 | Build | House |
| 2:05 | Build | House |
| 2:16 | Create | Villager (Male) |
| 3:06 | Create | Villager (Male) |
| 3:14 | Create | Villager (Male) |
| 3:14 | Create | Villager (Male) |
| 3:48 | Create | Villager (Male) |
| 4:29 | Create | Villager (Male) |
| 4:29 | Create | Villager (Male) |
| 5:14 | Create | Villager (Male) |
| 5:14 | Create | Villager (Male) |
| 5:49 | Create | Villager (Male) |
| 6:20 | Build | Mill |
| 7:03 | Build | Town Center |
| 7:54 | Create | Villager (Male) |
| 8:30 | Build | House |
| 8:34 | Create | Villager (Male) |
| 8:34 | Create | Villager (Male) |
| 9:32 | Create | Villager (Male) |
| 9:32 | Create | Villager (Male) |
| 9:54 | Create | Villager (Male) |
| 10:02 | Build | Palisade Wall |
| 10:12 | Build | Palisade Wall |
| 10:13 | Build | Palisade Wall |
| 10:15 | Build | Palisade Wall |
| 10:23 | Build | Palisade Wall |
| 10:33 | Create | Villager (Male) |
| 10:33 | Create | Villager (Male) |
| 11:03 | Create | Villager (Male) |
| 11:03 | Create | Villager (Male) |
| 11:57 | Create | Villager (Male) |
| 11:58 | Create | Villager (Male) |
| 11:58 | Create | Villager (Male) |
| 12:30 | Create | Villager (Male) |
| 12:30 | Create | Villager (Male) |
| 12:30 | Create | Villager (Male) |
| 12:34 | Build | House |
| 13:19 | Create | Villager (Male) |
| 13:19 | Create | Villager (Male) |
| 13:42 | Create | Villager (Male) |
| 13:43 | Create | Villager (Male) |
| 14:02 | Build | House |
| 15:11 | Create | Villager (Male) |
| 15:32 | Build | Mill |
| 15:38 | Create | Villager (Male) |
| 16:37 | Build | Town Center |
| 17:02 | Build | Town Center |
| 17:39 | Build | Mining Camp |
| 17:58 | Research | Feudal Age |
| 17:58 | Research | Feudal Age |
| 18:19 | Build | House |
| 18:22 | Build | House |
| 18:41 | Build | Mill |
| 19:26 | Build | Mining Camp |
| 19:47 | Create | Villager (Male) |
| 19:47 | Create | Villager (Male) |
| 20:02 | Build | Barracks |
| 20:02 | Age | Feudal Age |
| 20:09 | Build | Barracks |
| 20:14 | Build | House |
| 20:15 | Create | Villager (Male) |
| 20:20 | Build | Palisade Wall |
| 20:47 | Create | Villager (Male) |
| 20:52 | Research | Horse Collar |
| 20:59 | Research | Double-Bit Axe |
| 21:12 | Build | Stable |
| 21:32 | Build | Watch Tower |
| 21:52 | Create | Scout Cavalry |
| 21:53 | Create | Scout Cavalry |
| 22:18 | Build | Farm |
| 22:19 | Build | Farm |
| 22:24 | Build | Farm |
| 22:26 | Build | Farm |
| 22:31 | Build | Blacksmith |
| 23:05 | Build | Market |
| 23:07 | Create | Villager (Male) |
| 23:08 | Create | Villager (Male) |
| 23:40 | Build | House |
| 23:47 | Build | Mill |
| 23:48 | Build | Farm |
| 23:48 | Build | Farm |
| 23:48 | Build | Farm |
| 23:49 | Build | Farm |
| 23:49 | Build | Farm |
| 23:49 | Build | Farm |
| 23:49 | Build | Farm |
| 23:56 | Research | Scale Barding Armor |
| 23:57 | Create | Scout Cavalry |
| 23:57 | Create | Scout Cavalry |
| 24:11 | Build | Farm |
| 24:11 | Build | Farm |
| 24:11 | Build | Farm |
| 24:12 | Build | Farm |
| 24:12 | Build | Farm |
| 24:12 | Build | Farm |
| 24:20 | Build | Farm |
| 24:35 | Build | Farm |
| 24:40 | Build | Farm |
| 24:42 | Create | Villager (Male) |
| 24:42 | Create | Villager (Male) |
| 24:53 | Create | Scout Cavalry |
| 25:23 | Create | Villager (Male) |
| 25:25 | Create | Scout Cavalry |
Build order — cLERT
98 actions detected in the replay
| 0:00 | Create | Villager (Male) |
| 0:00 | Create | Villager (Male) |
| 0:01 | Create | Villager (Male) |
| 0:02 | Build | House |
| 0:03 | Build | House |
| 0:25 | Create | Villager (Male) |
| 1:23 | Create | Villager (Male) |
| 1:24 | Create | Villager (Male) |
| 1:43 | Create | Villager (Male) |
| 2:14 | Build | Lumber Camp |
| 2:21 | Create | Villager (Male) |
| 2:55 | Create | Villager (Male) |
| 2:56 | Create | Villager (Male) |
| 3:16 | Create | Villager (Male) |
| 3:27 | Build | Palisade Wall |
| 3:37 | Build | Palisade Wall |
| 3:41 | Create | Villager (Male) |
| 3:57 | Build | House |
| 4:16 | Build | House |
| 4:23 | Create | Villager (Male) |
| 4:29 | Create | Villager (Male) |
| 4:32 | Build | Palisade Wall |
| 5:03 | Create | Villager (Male) |
| 5:31 | Build | Mill |
| 5:31 | Create | Villager (Male) |
| 5:54 | Build | Palisade Wall |
| 6:03 | Create | Villager (Male) |
| 6:29 | Create | Villager (Male) |
| 6:32 | Create | Villager (Male) |
| 6:41 | Create | Villager (Male) |
| 6:41 | Create | Villager (Male) |
| 6:53 | Build | Palisade Gate |
| 6:57 | Create | Villager (Male) |
| 7:07 | Create | Villager (Male) |
| 7:09 | Create | Villager (Male) |
| 7:11 | Build | House |
| 7:17 | Create | Villager (Male) |
| 7:19 | Create | Villager (Male) |
| 7:32 | Research | Loom |
| 8:07 | Research | Feudal Age |
| 8:12 | Build | Lumber Camp |
| 9:14 | Build | Palisade Wall |
| 9:19 | Build | Palisade Wall |
| 9:44 | Create | Villager (Male) |
| 9:45 | Create | Villager (Male) |
| 10:13 | Create | Villager (Male) |
| 10:17 | Age | Feudal Age |
| 12:52 | Build | Town Center |
| 13:26 | Create | Villager (Male) |
| 13:26 | Create | Villager (Male) |
| 13:31 | Create | Villager (Male) |
| 13:32 | Create | Villager (Male) |
| 14:05 | Build | Palisade Wall |
| 14:11 | Build | Palisade Wall |
| 14:27 | Build | Barracks |
| 14:40 | Build | House |
| 15:22 | Build | Archery Range |
| 15:23 | Create | Villager (Male) |
| 15:26 | Build | House |
| 16:11 | Create | Archer |
| 16:15 | Build | Mining Camp |
| 16:23 | Create | Villager (Male) |
| 16:54 | Build | House |
| 16:59 | Build | House |
| 17:50 | Build | Blacksmith |
| 17:51 | Create | Archer |
| 17:52 | Create | Archer |
| 18:03 | Create | Villager (Male) |
| 18:30 | Build | Farm |
| 18:33 | Build | Farm |
| 19:19 | Build | Mill |
| 19:23 | Create | Villager (Male) |
| 19:29 | Build | Farm |
| 20:40 | Build | Lumber Camp |
| 20:44 | Create | Villager (Male) |
| 20:48 | Build | House |
| 21:33 | Create | Villager (Male) |
| 21:55 | Create | Villager (Male) |
| 22:04 | Research | Fletching |
| 22:14 | Create | Villager (Male) |
| 22:14 | Create | Villager (Male) |
| 22:21 | Build | Farm |
| 22:29 | Build | Mining Camp |
| 22:50 | Create | Villager (Male) |
| 22:52 | Build | Farm |
| 23:31 | Create | Spearman |
| 23:40 | Create | Villager (Male) |
| 23:42 | Build | Farm |
| 23:45 | Build | Farm |
| 24:12 | Build | Mining Camp |
| 24:17 | Create | Villager (Male) |
| 24:41 | Create | Villager (Male) |
| 24:43 | Build | House |
| 24:55 | Create | Archer |
| 24:55 | Create | Archer |
| 25:20 | Create | Villager (Male) |
| 25:24 | Create | Skirmisher |
| 25:32 | Create | Archer |
Match timeline
| 3:27 | cLERT · wall_segment Palisade Wall x4 |
| 3:37 | cLERT · wall_segment Palisade Wall x6 |
| 4:32 | cLERT · wall_segment Palisade Wall x2 |
| 5:54 | cLERT · wall_segment Palisade Wall x4 |
| 9:14 | cLERT · wall_segment Palisade Wall x4 |
| 9:19 | cLERT · wall_segment Palisade Wall x1 |
| 10:02 | [GDL] Faraon · wall_segment Palisade Wall x1 |
| 10:12 | [GDL] Faraon · wall_segment Palisade Wall x1 |
| 10:13 | [GDL] Faraon · wall_segment Palisade Wall x1 |
| 10:15 | [GDL] Faraon · wall_segment Palisade Wall x1 |
| 10:17 | cLERT · age_up feudal |
| 10:23 | [GDL] Faraon · wall_segment Palisade Wall x1 |
| 14:05 | cLERT · wall_segment Palisade Wall x1 |
| 14:11 | cLERT · wall_segment Palisade Wall x2 |
| 14:27 | cLERT · first_building Barracks |
| 15:22 | cLERT · first_building Archery Range |
| 20:02 | [GDL] Faraon · first_building Barracks |
| 20:02 | [GDL] Faraon · age_up feudal |
| 20:20 | [GDL] Faraon · wall_segment Palisade Wall x1 |
| 21:12 | [GDL] Faraon · first_building Stable |
| 23:54 | [GDL] Faraon · first_market_buy 100 food |
| 25:37 | cLERT · resign |
[ AI ANALYSIS · 1 CREDIT ]
What really happened in this match?
Wolo.gg analyzes every decision: build order, eco, micro, common mistakes by bracket. Personalized analysis on WhatsApp or Discord in 30 seconds.
Civ guide
Persians
Perfil
Jugador #708511